Map: Dusk Towers

Players

Enigma

  • Race: Zerg Zerg
  • League: Platinum

Burt - Winner!

  • Race: Terran Terran
  • League: Platinum

VOD

Have the link to the VOD?

Description

Time

  • Played on: Dec. 7, 2015, 11:38 p.m.
  • Length: 11:38
Show
View Real Time Build Order
Export as new Build Order

Enigma Zerg 

Build Orders: Hatch First, Muta Ling Bane 

Get SALT Encoding   

  12  0:03  Drone  
  13  0:16  Drone  
  13  0:18  Overlord  
  14  0:43  Hatchery  
  13  0:52  Drone x2  
  13  0:53  Drone  
  16  1:09  Spawning Pool  
  15  1:13  Drone  
  15  1:15  Drone  
  17  1:32  Overlord  
  17  1:41  Drone  
  18  1:47  Extractor  
  18  1:52  Drone  
  18  1:58  Queen x2  
  18  2:00  Drone  
  23  2:03  Drone  
  23  2:08  Drone  
  25  2:13  Drone  
  26  2:18  Overlord  
  26  2:19  Drone  
  27  2:28  Drone  
  28  2:30  Drone  
  29  2:47  Drone, Zergling x2  
  31  2:52  Drone x2  
  33  3:03  Metabolic Boost  
  33  3:11  Drone x3  
  36  3:14  Overlord  
  36  3:29  Zergling x2  
  36  3:30  Zergling x2  
  38  3:40  Drone x2, Zergling x4  
  38  3:41  Drone x2  
  44  3:48  Drone x2  
  46  4:04  Hatchery  
  46  4:09  Drone  
  46  4:10  Drone x4  
  46  4:13  Extractor  
  46  4:14  Drone x3  
  46  4:15  Extractor  
  46  4:16  Lair  
  50  4:21  Baneling Nest  
  49  4:25  Drone x2  
  49  4:26  Overlord  
  51  4:33  Evolution Chamber  
  51  4:36  Extractor  
  49  4:40  Drone  
  49  4:41  Drone  
  49  4:43  Overlord x2  
  51  4:59  Zerg Melee Weapons Level 1  
  51  5:10  Hatchery  
  50  5:17  Queen  
  52  5:23  Spire  
  52  5:24  Centrifical Hooks  
  52  5:26  Zergling x8  
  52  5:27  Zergling x12  
  61  5:29  Baneling x5  
  61  5:30  Baneling  
  61  5:33  Drone x4  
  65  5:44  Drone x3  
  65  5:45  Drone x2  
  65  5:49  Baneling x4  
  70  5:51  Drone x3  
  70  5:56  Extractor  
  72  6:12  Overlord  
  72  6:13  Drone x4  
  72  6:14  Drone x2  
  72  6:15  Overlord x2  
  78  6:31  Overseer  
  78  6:34  Mutalisk x2  
  78  6:35  Mutalisk x3  
  78  6:38  Mutalisk  
  90  6:43  Drone x3  
  90  6:44  Zergling x10  
  98  6:52  Drone x2  
  100  7:08  Zerg Flyer Weapons Level 1, Mutalisk  
  100  7:09  Mutalisk  
  100  7:11  Mutalisk  
  100  7:13  Zergling x10  
  100  7:14  Zergling x2  
  100  7:15  Overlord x3  
  110  7:29  Mutalisk  
  108  7:50  Zergling x4  
  108  7:51  Zergling x18  
  115  7:52  Zergling x12  
  98  8:08  Zergling x12  
  104  8:13  Baneling x5  
  104  8:14  Mutalisk, Baneling x5  
  104  8:15  Mutalisk x2  
  110  8:22  Extractor  
  110  8:25  Zerg Melee Weapons Level 2  
  109  8:27  Mutalisk x2  
  109  8:29  Zergling x6  
  109  8:33  Baneling x2  
  109  8:34  Baneling x2  
  114  8:42  Queen  
  114  8:47  Mutalisk  
  114  8:48  Mutalisk  
  120  8:50  Zergling x12  
  120  8:51  Overlord  
  120  8:52  Overlord  
  126  8:59  Mutalisk x2  
  126  9:01  Zergling x2  
  126  9:02  Zergling x8  
  135  9:03  Overlord x2  
  135  9:06  Baneling x3  
  135  9:37  Mutalisk  
  135  9:38  Mutalisk x4  
  135  9:40  Zergling x2  
  135  9:41  Zergling x22  
  155  9:47  Zergling x2  
  82  10:23  Mutalisk x7  
  82  10:24  Mutalisk  
  82  10:25  Zergling x2  
  82  10:26  Zergling x12  
  103  10:50  Mutalisk x3  
  103  10:52  Mutalisk  
  103  10:54  Zergling x4  
  103  10:55  Zergling x2  
  115  11:02  Mutalisk x2  
Show
View Real Time Build Order
Export as new Build Order

Burt Terran - Winner!

Build Orders: Reaper Expand, Bio Tank 

Get SALT Encoding   

  12  0:01  SCV  
  13  0:13  SCV  
  14  0:23  Supply Depot  
  14  0:25  SCV  
  15  0:44  SCV  
  15  0:45  Barracks  
  15  0:48  Refinery  
  16  0:56  SCV  
  17  1:09  SCV  
  18  1:21  SCV  
  19  1:32  Reaper  
  20  1:33  Orbital Command  
  20  1:43  Command Center  
  20  1:58  Supply Depot  
  20  1:59  SCV  
  21  2:04  Barracks Reactor  
  21  2:11  SCV  
  22  2:23  SCV  
  22  2:26  Factory  
  23  2:35  SCV  
  24  2:47  SCV  
  25  2:57  Orbital Command  
  25  2:59  SCV  
  26  3:08  Barracks  
  26  3:10  Engineering Bay x2, Barracks  
  26  3:11  Refinery  
  26  3:12  Refinery  
  26  3:13  SCV  
  27  3:33  SCV  
  27  3:34  SCV  
  29  3:42  Factory Tech Lab  
  29  3:43  Starport  
  29  3:46  SCV x2  
  31  3:54  Supply Depot  
  31  3:55  Terran Infantry Weapons Level 1  
  31  3:58  SCV x2  
  33  4:18  SCV x2  
  33  4:20  Barracks Tech Lab x2  
  33  4:22  Siege Tank  
  33  4:23  Marine x2, Starport Reactor  
  40  4:30  SCV x2  
  40  4:31  Refinery  
  42  4:40  Supply Depot  
  42  4:42  SCV x2  
  44  4:47  Terran Infantry Armor Level 1  
  44  4:49  Combat Shields  
  44  4:53  Marine x3  
  44  4:54  SCV x2, Marine  
  50  5:02  Supply Depot  
  50  5:04  Medivac  
  50  5:06  SCV x2  
  54  5:11  Marine  
  54  5:12  Supply Depot  
  55  5:18  SCV  
  55  5:19  SCV  
  57  5:21  Marine x2  
  57  5:22  Siege Tank  
  57  5:23  Marine  
  57  5:25  Missile Turret  
  63  5:31  SCV x2  
  63  5:35  Missile Turret x2  
  65  5:38  Missile Turret  
  65  5:40  Marine x3  
  65  5:41  Marine  
  69  5:42  Medivac  
  69  5:43  SCV x2  
  69  5:45  Medivac  
  69  5:49  Stimpack  
  75  5:55  SCV  
  76  5:57  Marine  
  77  6:05  SCV  
  77  6:09  Supply Depot  
  78  6:11  SCV, Siege Tank, Marine  
  78  6:12  Supply Depot  
  78  6:17  SCV  
  84  6:29  Marine x2  
  84  6:30  Medivac, Marine  
  84  6:31  SCV  
  84  6:32  SCV  
  91  6:42  Marine  
  91  6:52  Command Center  
  91  6:55  SCV x2  
  91  6:56  Marine x2  
  91  6:58  Siege Tank  
  98  7:07  SCV  
  99  7:08  Missile Turret  
  99  7:18  Marine x3  
  102  8:00  Marine x2  
  102  8:01  Medivac x2, Siege Tank, Marine x2  
  95  8:16  SCV x2  
  95  8:18  Marine x4  
  101  8:21  Missile Turret  
  101  8:22  Orbital Command  
  101  8:28  SCV x2  
  103  8:34  Supply Depot x2, Barracks, Armory  
  103  8:36  Supply Depot, Marine x4  
  103  8:37  Barracks  
  103  8:40  SCV x2  
  109  8:43  Missile Turret  
  109  8:48  Missile Turret  
  109  8:53  Marine  
  109  8:54  Medivac x2, Marine x3  
  117  8:56  Siege Tank  
  120  9:07  SCV x2  
  120  9:08  SCV  
  120  9:09  Liberator x2  
  123  9:11  Marine  
  123  9:12  Marine x3  
  123  9:14  Refinery  
  127  9:19  Refinery  
  127  9:24  Marine x2  
  127  9:29  Marine x2  
  127  9:30  Marine x2  
  139  9:35  SCV x2  
  139  9:37  Terran Vehicle And Ship Armor Level 1  
  140  9:39  Siege Tank  
  140  9:42  Marine x2  
  145  9:47  Marine x2  
  147  9:59  Marine x3  
  127  10:00  Marine  
  127  10:05  Marine x2  
  124  10:17  Marine x3  
  124  10:21  Marine  
  116  10:22  Siege Tank  
  116  10:23  Viking x2, Marine x2  
  126  10:31  SCV x3  
  126  10:35  Marine x3  
  131  10:39  Marine  
  131  10:40  Marine  
  131  10:41  Marine  
  135  10:43  SCV  
  136  10:53  Marine x3  
  136  10:56  Marine  
  141  10:58  Marine  
  141  10:59  Marine  
  147  11:10  Marine  
  147  11:11  Marine x2  
  156  11:14  Marine  
  156  11:16  Marine  
  156  11:17  Marine  
Tags
 
Add a new tag
Caveats
  • Supply blocks, unpowered buildings, or Contaminate may cause inaccurate times.
  • Supply counts are checked every 10 seconds.